 Dungeon Crawl Stone Soup version 0.15.2 (webtiles) character file.

9360 DrPain the Fighter (level 11, -2/101 HPs)
             Began as a Minotaur Berserker on Jan 16, 2015.
             Was the Champion of Trog.
             Killed by divine providence
             ... invoked by an orc priest
              (14 damage)
             ... on Level 1 of the Orcish Mines.
             The game lasted 00:34:25 (12106 turns).

DrPain the Fighter (Minotaur Berserker)            Turns: 12106, Time: 00:34:29

HP  -2/101       AC 21     Str 22      XL: 11   Next: 22%
MP   4/4         EV  6     Int  4      God: Trog [******]
Gold 394         SH  0     Dex 13      Spells:  0 memorised, 10 levels left

rFire  + . .     SeeInvis +     w - +10 great mace "Eshroaciki" {venom, rC+ SInv}
rCold  + . .     Clarity  .     V - +2 plate armour {rC+}
rNeg   . . .     rCorr    .     (no shield)
rPois  .         rRot     .     K - +1 hat
rElec  .         Spirit   .     H - +0 cloak
SustAb .         Warding  .     n - +0 pair of gloves
rMut   .         Stasis   .     Q - +0 pair of boots
Gourm  .                        i - amulet of faith
MR     ++...                    (no ring)
                                u - ring of fire

@: exhausted, regenerating, slowed, very slow, very resistant to hostile
enchantments, extremely unstealthy
A: retaliatory headbutt, horns 2
a: Burn Spellbooks, Berserk, Trog's Hand, Brothers in Arms, Renounce Religion


You were on level 1 of the Orcish Mines.
You worshipped Trog.
Trog was exalted by your worship.
You were not hungry.

You visited 2 branches of the dungeon, and saw 11 of its levels.

You collected 446 gold pieces.
You spent 52 gold pieces at shops.

Inventory:

Hand weapons
 f - a +0 shortbow
 w - the +10 great mace "Eshroaciki" (weapon) {venom, rC+ SInv}
   (Trog gifted it to you on level 10 of the Dungeon)

   It poisons the flesh of those it strikes.
   It protects you from cold.
   It enhances your eyesight.
Missiles
 y - 5 tomahawks of returning (quivered)
 O - 17 arrows of flame
Armour
 n - a +0 pair of gloves (worn)
 H - a +0 cloak (worn)
 K - a +1 hat (worn)
 M - a +0 buckler
 Q - a +0 pair of boots (worn)
 V - a +2 plate armour of cold resistance (worn)
Magical devices
 a - a wand of magic darts (17) {unknown}
 o - a wand of flame (19) {unknown}
 D - a wand of cold (5)
 E - a wand of random effects (13) {unknown}
 N - a wand of confusion (17) {unknown}
 P - a wand of lightning (4) {unknown}
Comestibles
 c - 7 bread rations
 m - a slice of pizza
 r - a chunk of iguana flesh
 B - 7 meat rations
 L - a chunk of goblin flesh
Scrolls
 b - 2 scrolls of enchant armour
 g - 2 scrolls of remove curse
 j - a scroll of enchant weapon {unknown}
 k - 4 scrolls of blinking {unknown}
 l - 5 scrolls of amnesia {unknown}
 p - 3 scrolls of magic mapping {unknown}
 q - 6 scrolls of teleportation {unknown}
 s - 5 scrolls of identify
 v - 2 scrolls of noise {unknown}
 x - 2 scrolls of fog
 F - 3 scrolls of recharging {unknown}
 G - a scroll of fear {unknown}
 I - 3 scrolls of random uselessness {unknown}
 J - a scroll of immolation {unknown}
 S - a scroll of silence {unknown}
 T - a scroll of torment {unknown}
Jewellery
 i - an amulet of faith (around neck)
 u - a ring of fire (left hand)
Potions
 d - 3 potions of haste
 e - 3 potions of lignification
 h - 2 potions of brilliance
 t - 4 potions of might
 z - 3 potions of heal wounds
 A - a potion of invisibility
 C - 3 potions of curing


   Skills:
 - Level 10.9 Fighting
 - Level 8.1 Maces & Flails
 - Level 10.0 Armour
 + Level 8.0 Dodging
 - Level 10.9 Shields


You had 10 spell levels left.
You didn't know any spells.

Dungeon Overview and Level Annotations

Branches:
Dungeon (10/15)            Temple (0/1) D:6             Orc (1/4) D:10
   Lair (0/8) D:8

Altars:
Kikubaaqudgha
Makhleb
Yredelemnul
Jiyva

Shops:
D:5 (   D:6 }   D:10 (


Innate Abilities, Weirdness & Mutations

You reflexively headbutt those who attack you in melee.
You have a pair of horns on your head.


Message History

The orc priest hits you with a short sword.
* * * LOW HITPOINT WARNING * * *
You are too injured to fight recklessly!
Unknown command.
You are too injured to fight recklessly!
You are too injured to fight recklessly!
You hit the orc warrior.
You kill the orc warrior!
Trog accepts your kill.
Your Dodging skill increases to level 8!
The orc hits you but does no damage. The orc completely misses you.
The orc hits you but does no damage.
The orc priest hits you but does no damage.
The orc priest invokes the aid of Beogh against you.
You resist with almost no effort. The orc hits you with a mace.
* * * LOW HITPOINT WARNING * * *
The orc hits you but does no damage. The orc closely misses you.
The orc priest invokes the aid of Beogh against you.
Something smites you!
You die...

##.#.........#........
#..................$
##...................
####.)......$.......
#..#.............
.........(........#
.......>..([.......
..........o.o..#.#.#
#.###......o@o.......
# ##..###o)........
#... #......... #.
##......$# .......##
..##..## ..# ... ..#.
.. # #


You could see 2 orc priests and 3 orcs.

Vanquished Creatures
  A hill giant (D:10)
  A manticore (D:10)
  A centaur skeleton (D:10)
  A kobold demonologist (D:9)
  A two-headed ogre (D:8)
  2 trolls
  A spriggan (D:7)
  3 wargs (D:8)
  2 hippogriffs
  2 sky beasts
  12 orc warriors
  A necrophage (D:7)
  2 ice beasts (D:10)
  3 phantoms
  3 ogres
  Sigmund (D:2)
  4 centaurs
  3 big kobolds
  4 giant frogs
  6 scorpions
  4 wights (D:9)
  An eye of draining (D:9)
  A troll zombie (D:8)
  6 killer bees (D:8)
  3 goliath beetles
  A quasit (D:7)
  3 electric eels (D:10)
  3 crimson imps
  6 jellies
  2 centaur zombies
  2 giant frog zombies (D:9)
  11 orc priests
  4 hounds
  10 worker ants
  6 iguanas
  16 orc wizards
  An ogre zombie (D:7)
  An ogre skeleton (D:6)
  2 hound skeletons (D:4)
  2 mummies
  15 gnolls
  9 adders
  A scorpion zombie (D:6)
  5 shadow imps
  2 giant mites
  3 worms
  10 giant geckos
  4 oozes
  52 orcs
  A ball python (D:7)
  A bat zombie (D:5)
  9 goblins
  10 hobgoblins
  3 quokkas
  14 bats
  2 giant cockroaches
  4 giant newts
  A hobgoblin skeleton (D:5)
  7 jackals
  27 kobolds
  A kobold zombie (D:7)
  16 rats
  4 ballistomycetes (D:7)
340 creatures vanquished.

Vanquished Creatures (others)
  A giant spore (D:7)
1 creature vanquished.

Grand Total: 341 creatures vanquished

Notes
Turn   | Place    | Note
--------------------------------------------------------------
     0 | D:1      | DrPain, the Minotaur Berserker, began the quest for the Orb.
     0 | D:1      | Reached XP level 1. HP: 19/19 MP: 1/1
   101 | D:1      | Reached skill level 4 in Maces & Flails
   286 | D:1      | Reached XP level 2. HP: 12/26 MP: 1/1
   939 | D:1      | Acquired Trog's second power
  1204 | D:2      | Reached skill level 5 in Maces & Flails
  1242 | D:2      | Reached XP level 3. HP: 27/31 MP: 2/2
  2248 | D:2      | Noticed Sigmund
  2254 | D:2      | Killed Sigmund
  2254 | D:2      | Reached skill level 6 in Maces & Flails
  2254 | D:2      | Reached XP level 4. HP: 36/39 MP: 2/2
  2379 | D:2      | Reached XP level 5. HP: 45/45 MP: 2/2
  2520 | D:3      | Reached skill level 7 in Maces & Flails
  3111 | D:3      | Acquired Trog's third power
  3297 | D:3      | Reached skill level 8 in Maces & Flails
  3708 | D:4      | Reached XP level 6. HP: 51/51 MP: 3/3
  4003 | D:4      | Noticed a phantom
  4012 | D:4      | Killed a phantom
  4178 | D:4      | Noticed a phantom
  4208 | D:4      | Killed a phantom
  4208 | D:4      | Reached skill level 5 in Armour
  4208 | D:4      | Reached XP level 7. HP: 41/57 MP: 3/3
  4448 | D:5      | Entered Level 5 of the Dungeon
  4719 | D:5      | Found a viscous altar of Jiyva.
  4897 | D:5      | Found Esenaph's Weapon Emporium.
  4900 | D:5      | Bought a +0 morningstar for 52 gold pieces
  5084 | D:6      | Found a burning altar of Makhleb.
  5151 | D:6      | Found a staircase to the Ecumenical Temple.
  5338 | D:6      | Reached XP level 8. HP: 64/64 MP: 3/3
  5540 | D:6      | Reached skill level 9 in Armour
  5543 | D:6      | Found Juizaedi's Gadget Emporium.
  6320 | D:6      | Reached skill level 10 in Armour
  6552 | D:6      | Found a basalt altar of Yredelemnul.
  6603 | D:6      | Reached skill level 5 in Fighting
  6997 | D:7      | Received a gift from Trog
  7208 | D:7      | Reached XP level 9. HP: 72/81 MP: 4/4
  8072 | D:8      | Reached skill level 1 in Shields
  8074 | D:8      | Reached skill level 10 in Fighting
  8430 | D:8      | Found an ancient bone altar of Kikubaaqudgha.
  8495 | D:8      | Found a staircase to the Lair.
  8512 | D:8      | Reached skill level 5 in Shields
  8861 | D:8      | Reached XP level 10. HP: 94/94 MP: 4/4
 10329 | D:9      | Reached skill level 10 in Shields
 10336 | D:10     | Entered Level 10 of the Dungeon
 10361 | D:10     | Noticed a hill giant
 10374 | D:10     | Killed a hill giant
 10386 | D:10     | Found Throlih's Antique Weapon Boutique.
 10593 | D:10     | Received a gift from Trog
 10603 | D:10     | Got a slimy great mace {god gift}
 10609 | D:10     | Identified the +10 great mace "Eshroaciki" {venom, rC+ SInv} (Trog gifted it to you on level 10 of the Dungeon)
 10793 | D:10     | Reached skill level 5 in Dodging
 10988 | D:10     | Reached XP level 11. HP: 97/101 MP: 4/4
 11095 | D:10     | Noticed a manticore
 11101 | D:10     | Killed a manticore
 11104 | D:10     | Received a gift from Trog
 11609 | D:10     | Found a staircase to the Orcish Mines.
 12050 | Orc:1    | Entered Level 1 of the Orcish Mines
 12106 | Orc:1    | Killed from afar by an orc priest

Action                   |  1- 3 |  4- 6 |  7- 9 | 10-12 || total
-------------------------+-------+-------+-------+-------++-------
Melee: Mace              |    76 |    28 |       |       ||   104
       Whip              |       |    18 |       |       ||    18
       Flail             |       |    60 |    78 |       ||   138
       Morningstar       |       |       |   311 |   178 ||   489
       Great mace        |       |       |       |   112 ||   112
 Fire: Blowgun           |       |       |       |    10 ||    10
Invok: Berserk           |     1 |     2 |     8 |     5 ||    16
       Burn Spellbooks   |       |     2 |     1 |       ||     3
       Trog's Hand       |       |       |     5 |     5 ||    10
Evoke: Wand              |       |       |       |     1 ||     1
  Use: Scroll            |       |     1 |     1 |     4 ||     6
       Potion            |       |       |       |     9 ||     9
  Eat: Bread ration      |     1 |     1 |     2 |       ||     4
       Chunk             |       |     3 |    14 |     7 ||    24
       Royal jelly       |       |       |     1 |       ||     1
       Meat ration       |       |       |       |     2 ||     2
       Pizza             |       |       |       |     1 ||     1
